 Dungeon Crawl Stone Soup version 0.28.0-53-g5a82cb258f (webtiles) character file.

Game seed: 15416220483684214154

30 Peloso the Skirmisher (level 3, 28/29 HPs)
             Began as a Demonspawn Fighter on May 27, 2022.
             Got out of the dungeon alive.
             The game lasted 00:01:49 (1010 turns).

Peloso the Skirmisher (Demonspawn Fighter)          Turns: 1010, Time: 00:01:49

Health: 28/29      AC:  6    Str: 16    XL:     3   Next: 5%
Magic:  3/3        EV:  8    Int:  9    God:
Gold:   17         SH:  5    Dex: 14    Spells: 2/2 levels left

rFire   . . .      SeeInvis .   a - +0 long sword
rCold   . . .      Faith    .   c - +0 buckler
rNeg    . . .      Spirit   .   b - +0 scale mail
rPois   .          Reflect  .   (no helmet)
rElec   .          Harm     .   (no cloak)
rCorr   .          Rampage  .   (no gloves)
Will    .....                   (no boots)
Stlth   ..........              (no amulet)
HPRegen 0.09/turn               (no ring)
MPRegen 0.08/turn               (no ring)

@: no status effects
A: sanguine armour 1
a: no special abilities


You escaped.
You visited 1 branch of the dungeon, and saw 2 of its levels.

You collected 17 gold pieces.

Inventory:

Hand Weapons
 a - a +0 long sword (weapon)
Armour
 b - a +0 scale mail (worn)
 c - a +0 buckler (worn)
Scrolls
 g - 3 scrolls of teleportation {unknown}
 h - 2 scrolls of identify {unknown}
 i - a scroll of fear {unknown}
Potions
 d - a potion of might
 e - a potion of mutation {unknown}
 f - a potion of haste {unknown}


   Skills:
 + Level 3.4 Fighting
 + Level 2.1 Long Blades
 + Level 3.0 Armour
 + Level 2.9 Shields


You had 2 spell levels left.
You didn't know any spells.
Your spell library contained the following spells:

 Spells                   Type           Power      Damage    Failure   Level
 Animate Dead             Necr           0%         N/A       100%        4
 Haunt                    Necr/Summ      0%         N/A       100%        7
 Infestation              Necr           0%         N/A       100%        8


Dungeon Overview and Level Annotations

Branches:
Dungeon (2/15)

Altars:


Innate Abilities, Weirdness & Mutations

When seriously injured, your blood forms armour. (AC +0)


Message History

You kill the goblin!
You see here a +0 club.
Found 7 arrows.
Found a robe.
h - 2 scrolls labelled POL PE ABASSO (gained 1)
A worm comes into view.
You see here a +0 robe.
You hit the worm.
The worm is lightly wounded.
The worm bites you.
You slash the worm!
The worm is heavily wounded.
You block the worm's attack.
You barely miss the worm.
The worm is heavily wounded.
You hit the worm.
The worm is severely wounded.
You block the worm's attack.
You hit the worm.
The worm is severely wounded.
You block the worm's attack.
You barely miss the worm.
The worm is severely wounded.
The worm bites you.
You slash the worm!
You kill the worm!
You have reached level 3!
Your experience leads to an increase in your attributes!
Increase (S)trength, (I)ntelligence, or (D)exterity?
You feel agile. x2
(D) Dungeon
Where to? (Enter - D:12, ? - help)
What level of the Dungeon? (default 1, ? - help)
You see here a +0 robe.
There is a stone staircase leading up here.
You climb upwards.
There is a stone staircase leading down here.
There is a staircase leading out of the dungeon here.
Are you sure you want to leave the Dungeon?
This will make you lose the game!
You have escaped!

#.#..# #.≈≈≈)≈≈≈≈≈≈## #.######
#.#..######≈≈≈≈≈.≈≈≈≈≈≈###.#
#.#.......≈≈≈≈≈≈.≈≈≈≈≈≈≈##.#
.......##≈≈≈8≈≈.≈≈≈≈≈8≈≈≈..#
#.##.#.##≈≈≈≈≈.≈≈≈≈≈≈≈≈≈≈.##
#.##.#.##≈≈≈≈≈.≈≈≈≈≈≈≈≈≈≈.#
#.##.#.##≈≈≈≈≈.≈≈≈≈≈≈≈≈≈≈##
#.##.....≈≈≈≈≈≈..>≈≈≈≈≈≈≈#
#....#.##≈≈≈≈≈≈≈@..≈≈≈≈≈≈# ###
####.#...≈≈≈≈≈≈≈≈≈≈.≈≈≈≈≈# #.. #
#.#.#.≈≈≈≈≈≈≈≈≈≈.≈≈≈≈≈# #.# #
#.#.##≈≈≈≈≈≈≈≈≈≈.≈≈≈≈≈######.# #
#.#.##≈≈≈8≈≈≈≈≈.≈≈8≈≈≈#...##.#
####.#.###≈≈≈≈≈≈≈.≈≈≈≈≈≈##.#.....
..>....# #.≈≈≈≈≈≈.≈≈≈≈≈###...##.#
####.### #.#≈≈≈≈≈≈.≈≈≈## #.......
#.# #.##.#####.### #...##.#


There were no monsters in sight!

Vanquished Creatures
  A worm (D:2)
  A dart slug (D:1)
  An endoplasm (D:1)
  4 goblins
  3 hobgoblins
  2 quokkas (D:1)
  A ball python (D:1)
  2 bats (D:1)
  A frilled lizard (D:1)
  6 kobolds (D:1)
  2 rats (D:1)
24 creatures vanquished.

Notes
Turn   | Place    | Note
-------+----------+-------------------------------------------
     0 | D:1      | Peloso the Demonspawn Fighter began the quest for the Orb.
     0 | D:1      | Reached XP level 1. HP: 18/18 MP: 1/1
   277 | D:1      | Gained mutation: When seriously injured, your blood forms
                  | armour. (AC +0) [demonic ancestry]
   277 | D:1      | Reached XP level 2. HP: 24/24 MP: 2/2
   985 | D:2      | Reached XP level 3. HP: 25/29 MP: 3/3
  1010 | D:$      | Got out of the dungeon alive.

Illustrated notes

Levels and vault maps discovered:
D:1:      nzn_arrival_water_spiral, layout_loops_ring
D:2:      layout_loops_ring, dilly_ecumenical_altar_fadedgnrine,
          grunt_ministairs_5, uniq_natasha, uniq_crazy_yiuf_cottage,
          uniq_jessica, uniq_sigmund

Skill      XL: |  1  2 |
---------------+-------+-----
Long Blades    | 2 |  2.1
Armour         | 3 |  3.0
Fighting       | |  3.4
Shields        | |  2.9

Action                   || total
-------------------------++-------
Melee: Long sword        ||    68
Armor: Scale mail        ||    38
Dodge: Dodged            ||    22
Block: Buckler           ||    16
